 Dungeon Crawl Stone Soup version 0.30-a0-585-g93115170b9 (webtiles) character file.

Game seed: 2368356633929309026

6232 sammy202020 the Protected (level 10, -8/136 HPs)
             Began as a Minotaur Berserker on Jan 2, 2023.
             Was a Priest of Trog.
             Mangled by a yak (13 damage)
             ... on level 9 of the Dungeon.
             The game lasted 00:09:59 (9832 turns).

sammy202020 the Protected (Minotaur Berserker)      Turns: 9832, Time: 00:10:00

Health: -8/136     AC: 12    Str: 23    XL:     10   Next: 62%
Magic:  9/9        EV: 14    Int:  6    God:    Trog [***...]
Gold:   463        SH:  6    Dex: 11    Spells: 9/9 levels left

rFire   . . .      SeeInvis .    G - +1 hand axe
rCold   . . .      Faith    .    h - +0 buckler
rNeg    . . .      Spirit   .    x - +0 steam dragon scales
rPois   .          Reflect  .    (helmet restricted)
rElec   .          Harm     .    v - +0 cloak
rCorr   .          Rampage  .    d - +1 pair of gloves
Will    +++..                    o - +0 pair of boots Stlth
                                 (no amulet)
HPRegen 1.42/turn                D - ring of willpower
MPRegen 0.11/turn                (no ring)

@: berserking, strong-willed, regenerating, slowed, studying Armour
A: horns 2, retaliatory headbutt
a: Renounce Religion, Berserk, Trog's Hand


You were on level 9 of the Dungeon.
You worshipped Trog.
Trog was most pleased with you.
You visited 1 branch of the dungeon, and saw 9 of its levels.
You also visited: Sewer.

You collected 463 gold pieces.

Inventory:

Hand Weapons
 j - a +3 dire flail
 p - a +2 hammer of protection
 G - a +1 hand axe (weapon)
Missiles
 w - 14 javelins (quivered)
Armour
 d - a +1 pair of gloves (worn)
 h - a +0 buckler (worn)
 o - a +0 pair of boots (worn)
 v - a +0 cloak (worn)
 x - +0 steam dragon scales (worn)
Jewellery
 D - a ring of willpower (left hand)
Wands
 k - a wand of polymorph (12)
 r - a wand of quicksilver (3)
 y - a wand of digging (5)
 C - a wand of flame (28)
Scrolls
 a - 3 scrolls of identify
 b - 3 scrolls of fear
 f - a scroll of magic mapping
 g - 3 scrolls of teleportation
 m - a scroll of poison
 q - 3 scrolls of enchant armour
Potions
 c - 2 potions of magic
 e - 6 potions of heal wounds
 i - 2 potions of lignification
 l - a potion of mutation
 n - a potion of flight
 s - 7 potions of curing
 t - 5 potions of brilliance
 u - a potion of attraction
 z - a potion of invisibility {unknown}
 E - a potion of resistance {unknown}
 F - a potion of might {unknown}


   Skills:
 + Level 9.5 Fighting
 + Level 9.5 Axes
 + Level 10.5 Armour
 + Level 8.3 Dodging
 + Level 8.2 Shields


You had 9 spell levels left.
You didn't know any spells.
Your spell library was empty.

Dungeon Overview and Level Annotations

Branches:
Dungeon (9/15)             Temple (0/1) D:4           Sewer (visited)
   Lair: D:8-11         Orc: D:9-12

Altars:
Cheibriados
Fedhas
Hepliaklqana
Kikubaaqudgha
Nemelex Xobeh
Ru
Sif Muna
Trog
Uskayaw
Vehumet
Xom
Yredelemnul


Innate Abilities, Weirdness & Mutations

You have a pair of horns on your head.
You reflexively headbutt those who attack you in melee.


Message History

The yak barely misses you. You furiously retaliate!
You headbutt the yak!!
You kill the yak!
Trog accepts your kill.
Your Shields skill increases to level 8!
You closely miss the hornet.
The hornet is heavily wounded.
You closely miss the yak. You slash the yak!
You kill the yak!
Trog accepts your kill.
You hit the yak.
You feel sick. You block the hornet's attack.
The yak gores you but does no damage. The yak closely misses you.
You furiously retaliate!
You headbutt the yak! You slash the hornet!
The hornet is severely wounded.
You hit the yak.
You barely miss the yak. x2; You feel sick.
You are no longer poisoned.
The hornet stings you!
* * * LOW HITPOINT WARNING * * *
You feel as though you will be slow longer.
You slash the hornet!
You kill the hornet!
Trog accepts your kill.
You slash the yak! x2; You hit the yak. The yak misses you.
The yak barely misses you. The yak gores you!
* * * LOW HITPOINT WARNING * * *
You hit the yak. You headbutt the yak.
You kill the yak!
Trog accepts your kill.
You slash the yak! You hit the yak. The yak misses you. The yak gores you.
* * * LOW HITPOINT WARNING * * *
You slash the yak!
The yak is almost dead.
You hit the yak. The yak barely misses you. You furiously retaliate!
You headbutt the yak. The yak gores you!
* * * LOW HITPOINT WARNING * * *
You slash the yak!
You kill the yak!
Trog accepts your kill.
You closely miss the yak. The yak gores you!
You die...

.........######.......##
.........#....#...<...#
.........#....#########
.........#............#
.........#............#
.........+............#
.........#............#
.##### #.....††Y....# .#
######@###### .#
.............# .#
.............# .#
..............# .#
......####+##..# .#
#......#....)#..#
.######......#.....#..####
.............#.....'.....#
............##.....#.....+


You could see a yak.

Vanquished Creatures
  A two-headed ogre (D:9)
  Grinder (D:3)
  4 hornets
  11 yaks (D:9)
  4 steam dragons
  An orc warrior (D:7)
  2 black bears (D:6)
  An ogre (D:6)
  A centaur (D:5)
  A phantom (D:5)
  6 kobold brigands (Sewer)
  2 necrophages
  A scorpion (D:7)
  5 bullfrogs
  11 wights
  2 howler monkeys
  An orc priest (D:6)
  2 jellies (D:6)
  An iron imp (D:3)
  Crazy Yiuf (D:2)
  2 gnoll boudas (D:6)
  5 hounds
  Jessica (D:2)
  An orc wizard (D:7)
  Ijyb (D:3)
  2 iguanas (D:7)
  6 gnolls (D:6)
  6 adders
  5 river rats
  A shadow imp (D:8)
  A white imp (D:6)
  An ufetubus (D:7)
  4 worms (Sewer)
  A dart slug (D:4)
  11 orcs
  11 ball pythons
  9 endoplasms
  4 giant cockroaches
  4 hobgoblins
  3 jackals (D:2)
  2 quokkas
  A bat (D:2)
  4 goblins
  9 kobolds
  7 rats
161 creatures vanquished.

Vanquished Creatures (others)
  A gnoll (D:6)
1 creature vanquished.

Grand Total: 162 creatures vanquished

Notes
Turn   | Place    | Note
-------+----------+-------------------------------------------
     0 | D:1      | sammy202020 the Minotaur Berserker began the quest for the
                  | Orb.
     0 | D:1      | Reached XP level 1. HP: 19/19 MP: 0/0
   626 | D:1      | Reached XP level 2. HP: 27/27 MP: 1/1
   921 | D:2      | Found a runed translucent door.
   922 | D:2      | Noticed Crazy Yiuf
   939 | D:2      | Noticed Jessica
   948 | D:2      | Killed Jessica
   949 | D:2      | Reached skill level 3 in Armour
   949 | D:2      | Reached XP level 3. HP: 16/33 MP: 2/2
  1675 | D:2      | Killed Crazy Yiuf
  1676 | D:2      | Reached XP level 4. HP: 27/41 MP: 3/3
  2114 | D:3      | Noticed Ijyb
  2146 | D:3      | Killed Ijyb
  2259 | D:3      | Found a snail-covered altar of Cheibriados.
  2266 | D:3      | Reached skill level 1 in Shields
  2266 | D:3      | Reached XP level 5. HP: 47/47 MP: 4/4
  2518 | D:3      | Noticed Grinder
  2526 | D:3      | Paralysed by Grinder for 4 turns
  2534 | D:3      | Killed Grinder
  2535 | D:3      | Reached skill level 5 in Fighting
  2535 | D:3      | Reached skill level 5 in Axes
  2535 | D:3      | Reached skill level 4 in Armour
  2535 | D:3      | Reached XP level 6. HP: 43/56 MP: 5/5
  2588 | D:3      | Found a blossoming altar of Fedhas.
  2741 | D:3      | Reached ** piety under Trog
  2770 | D:3      | Found a glowing drain.
  2775 | Sewer    | Entered a sewer
  3147 | Sewer    | Reached XP level 7. HP: 61/61 MP: 6/6
  3332 | Sewer    | Reached skill level 5 in Armour
  3959 | D:3      | Found a shimmering blue altar of Sif Muna.
  3959 | D:3      | Found a basalt altar of Yredelemnul.
  4152 | D:4      | Found a sacrificial altar of Ru.
  4154 | D:4      | Reached skill level 5 in Dodging
  4161 | D:4      | Found a staircase to the Ecumenical Temple.
  4342 | D:4      | Found a hide-covered altar of Uskayaw.
  4406 | D:4      | Found a radiant altar of Vehumet.
  4691 | D:5      | Entered Level 5 of the Dungeon
  4739 | D:5      | Reached XP level 8. HP: 50/71 MP: 7/7
  5208 | D:6      | Reached *** piety under Trog
  5216 | D:6      | Reached skill level 6 in Armour
  5679 | D:6      | Reached skill level 5 in Shields
  5797 | D:6      | Found a sparkling altar of Nemelex Xobeh.
  5831 | D:6      | Noticed a hornet
  5842 | D:6      | Killed a hornet
  6027 | D:6      | Reached XP level 9. HP: 74/79 MP: 8/8
  6084 | D:6      | Reached skill level 7 in Armour
  6616 | D:7      | Identified a scroll of acquirement
  6616 | D:7      | Acquired a manual of Armour
  6754 | D:7      | Found an ancient bone altar of Kikubaaqudgha.
  7063 | D:7      | Reached skill level 8 in Armour
  7064 | D:7      | Found a bloodstained altar of Trog.
  8751 | D:8      | Found a hazy altar of Hepliaklqana.
  8752 | D:8      | Found a shimmering altar of Xom.
  8756 | D:8      | Noticed a spectral ugly thing
  8980 | D:8      | Reached skill level 9 in Armour
  9180 | D:9      | Reached XP level 10. HP: 89/90 MP: 9/9
  9193 | D:9      | Noticed a two-headed ogre
  9205 | D:9      | Killed a two-headed ogre
  9305 | D:9      | Reached skill level 10 in Armour
  9831 | D:9      | HP: 4/136 [yak (12)]
  9832 | D:9      | Mangled by a yak

Illustrated notes

Levels and vault maps discovered:
D:1:      giann_horns, layout_basic
D:2:      layout_basic, uniq_jessica, uniq_crazy_yiuf_cottage
D:3:      layout_loops_ring, marbit_many_paths, slow_altar_1,
          nicolae_overflow_hidden_temple, portal_sewer_entry_e, nrook_campfire,
          uniq_ijyb, uniq_grinder
D:4:      layout_basic, vehumet_altar_wand_db, nicolae_uskayaw_dance_hall,
          mainiacjoe_overflow_paths, minmay_temple_entry_glass
D:5:      layout_cave_pools
D:6:      layout_loops_ring, nemelex_diamond_rough_becter, serial_glass,
          glass_columns_b, glass_columns_b
D:7:      layout_layer_cave, kiku_gazebo_pond_becter, trog_butcher_becter
D:8:      layout_layer_cave, regret_index_temple_of_mockery
D:9:      lemuel_ice_spiral_2, layout_irregular_city, general_overflow_altar,
          lemuel_round_altar, david_orc_5, centaur_isle

Skill      XL: |  1  2  3  4  5  6  7  8  9 10 |
---------------+-------------------------------+-----
Fighting       | 4 5 6 7 8 9 |  9.5
Axes           | 4 5 6 7 8 9 |  9.5
Armour         | 3 4 5 6 9 10 | 10.5
Dodging        | 3 4 5 6 7 8 |  8.3
Shields        | 1 2 4 5 7 8 |  8.2

Action                   |  1- 3 |  4- 6 |  7- 9 | 10-12 || total
-------------------------+-------+-------+-------+-------++-------
Melee: Hand axe          |    65 |   114 |   337 |    42 ||   558
       Headbutt          |     5 |    14 |    76 |    13 ||   108
Invok: Berserk           |     1 |       |     3 |     2 ||     6
       Trog's Hand       |       |       |     4 |     2 ||     6
  Use: Scroll            |       |     8 |    11 |       ||    19
Armor: Animal skin       |    21 |     1 |       |       ||    22
       Skin              |       |    11 |       |       ||    11
       Ring mail         |       |    27 |    80 |       ||   107
       Steam dragon scal |       |       |    38 |    19 ||    57
Dodge: Dodged            |    38 |    53 |   199 |    48 ||   338
Block: Buckler           |       |    16 |    71 |    13 ||   100

Table legend: (Time is in decaauts)
 A = Elapsed time spent in this place.
 B = Non-inter-level travel time spent in this place.
 C = Inter-level travel time spent in this place.
 D = Time resting spent in this place.
 E = Time spent auto-exploring this place.
 F = Levels seen in this place.
 G = Mean time per level.
                   A        B        C        D        E       F      G
               +--------+--------+--------+--------+--------+-----+--------+
         Total |  10053 |   9903 |    150 |   1514 |   6801 |  10 | 1005.3 |
       Dungeon |   8866 |   8716 |    150 |   1514 |   5895 |   9 |  985.1 |
         Sewer |   1187 |   1187 |      0 |      0 |    905 |   1 | 1187.0 |
               +--------+--------+--------+--------+--------+-----+--------+

Top non-repeatable levels by time:
     D:8: 1526 daAuts
     D:2: 1303 daAuts
     D:6: 1251 daAuts
     D:7: 1197 daAuts
   Sewer: 1187 daAuts
     D:3: 1040 daAuts
     D:1: 752 daAuts
     D:9: 687 daAuts
     D:4: 595 daAuts
     D:5: 512 daAuts
